AoeStats
← oreg5

Runestones

508096376Analyzed
1v1 RM · 11d ago on Sep 20, 2026· 58m 41s· 2 players
Game mode
Random Map
Map size
Tiny (2 player)
Population
200
Speed
Normal
Resources
Standard
Victory
Conquest
Starting age
Dark Age
Ending age
Imperial Age
RankedLock teamsTeams togetherTeam positionsShared explorationLock speedFull tech treeHidden civsTurbo modeCheats
Victory
Defeat
🇨🇱 Japanese · Chile
806
+16
🇺🇸 Maya · United States
801
-16
oreg5
8:52 Loom
11:28 Feudal Age
16:09 Castle Age
14:19 Double-Bit Axe
23:32 Gold Mining
23:25 Horse Collar
24:52 Heavy Plow
26:12 Wheelbarrow
27:57 Forging
28:15 Bow Saw
28:33 Hand Cart
28:26 Eagle Warrior
35:15 Iron Casting
34:41 Scale Mail Armor
37:51 Imperial Age
38:48 Chain Mail Armor
37:56 Elite Eagle Warrior
45:21 Plate Mail Armor
45:51 Blast Furnace
44:57 Squires
56:20 Guilds
san_te
10:39 Feudal Age
10:37 Loom
11:15 Double-Bit Axe
16:04 Fletching
16:14 Padded Archer Armor
21:38 Castle Age
19:34 Stone Mining
20:27 Gold Mining
20:21 Horse Collar
22:00 Bloodlines
25:52 Husbandry
25:20 Elite Skirmisher
27:14 Bow Saw
27:07 Heavy Plow
29:26 Fervor
33:14 Wheelbarrow
33:21 Light Cavalry
35:59 Redemption
36:13 Hand Cart
39:02 Imperial Age
37:36 Bodkin Arrow
37:46 Scale Barding Armor
37:57 Leather Archer Armor
39:12 Elite Samurai
40:41 Capped Ram
41:58 Bracer
42:28 Ring Archer Armor
45:34 Chain Barding Armor
46:17 Gold Shaft Mining
46:49 Two-Man Saw
49:04 Chemistry
48:25 Ballistics
55:40 Kataparuto
56:17 Town Watch
Connection lost

Rejoining the realm…

Still unreachable

The connection could not be restored.

Session expired

The server has moved on; the page needs a fresh start.